 Dungeon Crawl Stone Soup version 0.31-a0-851-g7ff8af7976 (webtiles) character file.

Game seed: 9710507168539001624

5 Kurtz the Sneak (level 1, -3/18 HPs)
             Began as a Mummy Delver on Oct 6, 2023.
             Was an Initiate of Makhleb.
             Slain by a gnoll
             ... wielding a +0 halberd
              (14 damage)
             ... on level 5 of the Dungeon.
             The game lasted 00:00:39 (315 turns).

Kurtz the Sneak (Mummy Delver)                       Turns: 315, Time: 00:00:39

Health: -3/18      AC:  8    Str: 15    XL:     1   Next: 66%
Magic:  1/1        EV:  7    Int:  9    God:    Makhleb [......]
Gold:   0          SH:  0    Dex: 13    Spells: 0/0 levels left

rFire   x . .        a - +0 hand axe
rCold   + . .        (no shield)
rNeg    + + +        g - +0 chain mail
rPois   ∞            (no helmet)
rElec   .            (no cloak)
rCorr   .            (no gloves)
SInv    .            (no boots)
Will    .....        (no amulet) Stlth
                     (no ring)
HPRegen 0.23/turn    (no ring)
MPRegen 0.07/turn

%: faith
@: no status effects
A: cold resistance 1, negative energy resistance 3, torment resistance 2, heat
vulnerability 1, in touch with death 1, no potions, faith
a: Renounce Religion


You were on level 5 of the Dungeon.
You worshipped Makhleb.
Makhleb was noncommittal.
You visited 2 branches of the dungeon, and saw 2 of its levels.

Inventory:

Hand Weapons
 a - a +0 hand axe (weapon)
Armour
 b - a +0 leather armour
 g - a +0 chain mail (worn)
Wands
 f - a wand of digging (3)
Scrolls
 c - a scroll of fog
 d - a scroll of revelation
 e - a scroll of fear


   Skills:
 - Level 3.0 Fighting
 * Level 1.8 Axes
 - Level 1.5 Dodging
 - Level 4.1 Stealth
 * Level 0.7 Invocations


You couldn't memorise any spells.
You didn't know any spells.
Your spell library was empty.

Dungeon Overview and Level Annotations

Branches:
Dungeon (5/15)             Temple (1/1) D:5

Altars:
Ashenzari
Cheibriados
Fedhas
Makhleb
Ru
Trog
Vehumet
Yredelemnul

Annotations:
D:5 exclusion: hound


Innate Abilities, Weirdness & Mutations

You are immune to poison.
Your flesh is cold resistant. (rC+)
You are immune to negative energy. (rN+++)
You are immune to unholy pain and torment.
You are vulnerable to heat. (rF-)
You are in touch with the powers of death.
You do not drink.
You have a special connection with the divine. (Faith)


Message History

You hit the ufetubus.
You kill the ufetubus!
Makhleb accepts your kill.
Unknown command.
You start resting.
HP restored.
You see here a +0 chain mail.
There are no items here.
You see here a +0 chain mail.
g - a +0 chain mail You start removing your armour.
You continue taking off your +0 leather armour. x4
You finish taking off your +0 leather armour.
You start putting on your armour.
You continue putting on your +0 chain mail. x5
You finish putting on your +0 chain mail.
Unknown command.
Found a stone staircase leading down.
There is a stone staircase leading down here.
You open the door.
There is an open door here.
You open the door.
There is an open door here.
A gnoll comes into view. It is wielding a +0 halberd.
The gnoll shouts!
There is an open door here.
You open the door.
There is an open door here.
You start waiting.
A gnoll is nearby!
The gnoll closely misses you. The gnoll barely misses you.
You closely miss the gnoll. The gnoll hits you with a +0 halberd.
The gnoll barely misses you.
You barely miss the gnoll. The gnoll hits you with a +0 halberd.
You hit the gnoll.
The gnoll is moderately wounded.
The gnoll hits you with a +0 halberd!
Ouch! That really hurt!
You die...

# #.##..... ##... #
#.##.##.# .#. ..... #
#.##.##.##... ....... .
#.##.##......#+##..... #
#.......# ##...######
####.#### ##.....## ##.##
##.......##
#####...####.........###
........@g..'.........'..
######....###.........##.
##.....###.......###.
#.......###.....## #.
#.......# ##...## #.
#.......# ##'## #.
#......## #.# #. #.#...##
#.# ## #.##### ##>#######


You could see a gnoll.

Vanquished Creatures
  An ufetubus (D:5)
1 creature vanquished.

Notes
Turn   | Place    | Note
-------+----------+-------------------------------------------
     0 | D:5      | Kurtz the Mummy Delver began the quest for the Orb.
     0 | D:5      | Reached XP level 1. HP: 18/18 MP: 1/1
     2 | D:5      | Found a staircase to the Ecumenical Temple.
    11 | Temple   | Entered the Ecumenical Temple
    30 | Temple   | Became a worshipper of Makhleb the Destroyer
    57 | D:5      | Noticed a hound
   315 | D:5      | Slain by a gnoll

Illustrated notes

Levels and vault maps discovered:
D:5:      layout_loops_corners, old_standard_altar, grunt_qazlal_clouds,
          minmay_temple_entry_overgrown, nrook_mini_vaults,
          dreamdust_gnoll_farm, uniq_prince_ribbit1
Temple:   chequers_temple_sunken

Action                     || total
---------------------------++-------
  Melee: Hand axe          ||    10
 Armour: Leather armour    ||    12
         Chain mail        ||     3
  Dodge: Dodged            ||    15

Table legend: (Time is in decaauts)
 A = Elapsed time spent in this place.
 B = Non-inter-level travel time spent in this place.
 C = Inter-level travel time spent in this place.
 D = Time resting spent in this place.
 E = Time spent auto-exploring this place.
 F = Levels seen in this place.
 G = Mean time per level.
                   A        B        C        D        E       F      G
               +--------+--------+--------+--------+--------+-----+--------+
         Total |    322 |    306 |     16 |     71 |    106 |   2 |  161.0 |
       Dungeon |    283 |    282 |      1 |     71 |    106 |   1 |  283.0 |
        Temple |     39 |     25 |     14 |      0 |      0 |   1 |   39.0 |
               +--------+--------+--------+--------+--------+-----+--------+

Top non-repeatable levels by time:
     D:5: 283 daAuts
  Temple: 39 daAuts
